 Dungeon Crawl Stone Soup version 0.27.0-1-g7a089689b8 (webtiles) character file.

Game seed: 14257357388294556249

942 sasquatch the Spear-Bearer (level 7, 0/57 HPs)
             Began as a Minotaur Berserker on Aug 1, 2021.
             Was a Priest of Trog.
             Succumbed to a killer bee's poison
             ... on level 4 of the Dungeon.
             The game lasted 00:06:01 (3568 turns).

sasquatch the Spear-Bearer (Minotaur Berserker)     Turns: 3568, Time: 00:06:02

Health: 0/57       AC:  4    Str: 24    XL:     7   Next: 88%
Magic:  6/6        EV: 11    Int:  4    God:    Trog [***...]
Gold:   154        SH:  0    Dex:  9    Spells: 6/6 levels left

rFire    . . .     SeeInvis .   s - +1 spear (venom)
rCold    . . .     Faith    .   (no shield)
rNeg     . . .     Spirit   .   p - +1 leather armour of Zin's Condemnation {Slay+3}
rPois    .         Reflect  .   (helmet restricted)
rElec    .         Harm     .   (no cloak)
rCorr    .         Rampage  .   (no gloves)
Will     .....                  (no boots)
Stlth    +.........             (no amulet)
HPRegen  0.19/turn              (no ring)
MPRegen  0.10/turn              (no ring)

@: lethally poisoned (0 -> -13), on berserk cooldown, slowed, very slow
A: horns 2, retaliatory headbutt
a: Renounce Religion, Berserk, Trog's Hand


You were on level 4 of the Dungeon.
You worshipped Trog.
Trog was most pleased with you.
You visited 1 branch of the dungeon, and saw 4 of its levels.

You collected 154 gold pieces.

Inventory:

Hand Weapons
 k - a +2 dagger of venom
 s - a +1 spear of venom (weapon)
Missiles
 a - 4 boomerangs (quivered)
Armour
 l - a +0 scale mail
 p - the +1 leather armour of Zin's Condemnation (worn) {Slay+3}
   (You found it on level 4 of the Dungeon)

   Slay:      It affects your accuracy & damage with ranged weapons and melee
   (+3).
Wands
 j - a wand of flame (25)
Scrolls
 b - 2 scrolls of blinking {unknown}
 d - 2 scrolls of teleportation {unknown}
 f - a scroll of fog {unknown}
 g - a scroll of holy word {unknown}
 m - 2 scrolls of identify {unknown}
 n - a scroll of torment {unknown}
 r - a scroll of fear {unknown}
Potions
 c - a potion of resistance {unknown}
 e - a potion of mutation {unknown}
 h - 4 potions of might {unknown}
 i - 2 potions of curing {unknown}
 o - a potion of invisibility
 q - a potion of haste {unknown}


   Skills:
 - Level 3.6 Fighting
 * Level 11.2 Polearms
 - Level 2.4 Armour
 - Level 2.1 Dodging


You had 6 spell levels left.
You didn't know any spells.
Your spell library was empty.

Dungeon Overview and Level Annotations

Branches:
Dungeon (4/15)
 Temple: D:4-7

Altars:
Makhleb
Vehumet

Shops:
D:1 *   D:4 (


Innate Abilities, Weirdness & Mutations

You have a pair of horns on your head.
You reflexively headbutt those who attack you in melee.


Message History

* * * LOW HITPOINT WARNING * * *
You feel very sick. The killer bee misses you.
The killer bee barely misses you.
The hobgoblin hits you but does no damage.
Unknown command.
You puncture the killer bee!
The killer bee is poisoned.
The killer bee is severely wounded.
* * * LOW HITPOINT WARNING * * *
You feel sick.
You kill the killer bee!
Trog accepts your kill. The killer bee misses you.
Your Polearms skill increases to level 11!
You closely miss the killer bee. You headbutt the killer bee!
You kill the killer bee!
Trog accepts your kill.
* * * LOW HITPOINT WARNING * * *
You feel sick.
You puncture the hobgoblin!
You kill the hobgoblin!
Trog accepts your kill.
* * * LOW HITPOINT WARNING * * *
You feel sick.
There is a lethal amount of poison in your body!
* * * LOW HITPOINT WARNING * * *
You feel very sick.
You are too berserk!
Okay, then.
You feel a strong urge to attack something.
* * * LOW HITPOINT WARNING * * *
You feel very sick.
* * * LOW HITPOINT WARNING * * *
You feel very sick.
You feel your anger nearly subside.
* * * LOW HITPOINT WARNING * * *
You feel sick.
You are no longer berserk.
You are exhausted.
You feel yourself slow down.
You die...

.#..#.......).#......#...>...#
....#.........########.......#
.#..#:.......................#
.............................#
...###+####)##...............#
...#.........#...............#
...#.........#...............#
...#.........#...............#
...##'########..@........)...#
.................#####.(.....#
.................# #########
.................#
......>..........#
...............†$#
...##########+#†......# ...#
#.......# ...+ #.......#


There were no monsters in sight!

Vanquished Creatures
  Sigmund (D:3)
  The ghost of shoop the Magician, an amateur DjVM of Lugonu (D:3)
  A necrophage (D:4)
  2 scorpions (D:3)
  5 killer bees (D:4)
  An orc priest (D:4)
  Jessica (D:2)
  Ijyb (D:2)
  An orc wizard (D:4)
  Robin (D:2)
  4 adders
  A worm (D:2)
  A dart slug (D:3)
  4 orcs (D:4)
  4 ball pythons
  8 endoplasms
  20 goblins
  5 hobgoblins
  8 jackals
  6 kobolds
  A quokka (D:3)
  4 bats
  2 frilled lizards (D:1)
  3 rats
86 creatures vanquished.

Notes
Turn   | Place    | Note
-------+----------+-------------------------------------------
     0 | D:1      | sasquatch the Minotaur Berserker began the quest for the
                  | Orb.
     0 | D:1      | Reached XP level 1. HP: 19/19 MP: 0/0
   197 | D:1      | Reached skill level 4 in Polearms
   412 | D:1      | Reached XP level 2. HP: 26/26 MP: 1/1
   417 | D:1      | Found Relurarr's Assorted Antiques.
   755 | D:2      | Reached skill level 5 in Polearms
   828 | D:2      | Found a burning altar of Makhleb.
   905 | D:2      | Reached XP level 3. HP: 28/31 MP: 2/2
  1040 | D:2      | Reached ** piety under Trog
  1497 | D:2      | Noticed Jessica
  1500 | D:2      | Noticed Ijyb
  1504 | D:2      | Killed Jessica
  1505 | D:2      | Reached skill level 6 in Polearms
  1505 | D:2      | Reached XP level 4. HP: 39/39 MP: 3/3
  1512 | D:2      | Killed Ijyb
  1788 | D:2      | Noticed Robin
  1801 | D:2      | Killed Robin
  1802 | D:2      | Reached skill level 7 in Polearms
  1802 | D:2      | Reached XP level 5. HP: 33/45 MP: 4/4
  2100 | D:3      | Found a runed translucent door.
  2100 | D:3      | Noticed shoop's ghost (amateur DjVM)
  2129 | D:3      | Killed shoop's ghost
  2130 | D:3      | Reached skill level 8 in Polearms
  2130 | D:3      | Reached XP level 6. HP: 51/51 MP: 5/5
  2688 | D:3      | Noticed Sigmund
  2696 | D:3      | Killed Sigmund
  2696 | D:3      | Reached *** piety under Trog
  2697 | D:3      | Reached skill level 9 in Polearms
  2792 | D:3      | Reached XP level 7. HP: 37/57 MP: 6/6
  3302 | D:4      | Found a radiant altar of Vehumet.
  3314 | D:4      | Found Muojello's Antique Weapon Boutique.
  3329 | D:4      | Reached skill level 10 in Polearms
  3435 | D:4      | Identified the +1 leather armour of Zin's Condemnation
                  | {Slay+3}
  3562 | D:4      | Reached skill level 11 in Polearms
  3567 | D:4      | HP: 4/85 [poisoned by a killer bee]
  3568 | D:4      | Succumbed to a killer bee's poison

Illustrated notes

Levels and vault maps discovered:
D:1:      psy_arrival_statuary, layout_loops_ring, serial_shops, shop,
          moated_statue
D:2:      kennysheep_the_goblin_king, layout_basic, basic_altar, uniq_jessica,
          uniq_robin
D:3:      layout_loops_corners, hellmonk_ghost_happy_afterlife,
          nrook_mini_vaults, wad_floor_pattern_untrapped, grunt_ministairs_11,
          uniq_sigmund
D:4:      layout_gridville, nicolae_vehumet_radiance, serial_shops, shop,
          gammafunk_ghost_necromancy

Skill      XL: |  1  2  3  4  5  6  7 |
---------------+----------------------+-----
Polearms       | 4 5 6 7 8 9 11 | 11.2
Fighting       | |  3.6
Armour         | |  2.4
Dodging        | |  2.1

Action                   |  1- 3 |  4- 6 |  7- 9 || total
-------------------------+-------+-------+-------++-------
Melee: Spear             |   112 |    86 |    49 ||   247
       Headbutt          |     7 |    12 |     5 ||    24
Invok: Berserk           |     2 |     3 |     2 ||     7
  Use: Potion            |       |     2 |       ||     2
 Stab: Sleeping          |     2 |       |       ||     2
Armor: Animal skin       |    10 |     1 |       ||    11
       Scale mail        |       |     9 |     5 ||    14
       Leather armour    |       |       |     4 ||     4
Dodge: Dodged            |    41 |    23 |    15 ||    79
